 Dungeon Crawl Stone Soup version 0.27-a0-1557-g57f10a385c (webtiles) character file.

Game seed: 15537386786880800734

255690 pkoi the Brawler (level 19, -10/157 (160) HPs)
             Began as a Minotaur Monk on July 12, 2021.
             Was an Elder of Elyvilon.
             Mangled by a +2 halberd of venom (23 damage)
             ... on level 2 of the Elven Halls on July 15, 2021.
             The game lasted 02:02:01 (45284 turns).

pkoi the Brawler (Minotaur Monk)                   Turns: 45284, Time: 02:02:02

HP:   -10/157 (160) AC: 25    Str: 29    XL:     19   Next: 5%
MP:   28/30         EV: 14    Int:  5    God:    Elyvilon [****..]
Gold: 906           SH:  0    Dex: 12    Spells: 18/18 levels left

rFire    . . .     SeeInvis .     - Unarmed
rCold    . . .     Faith    .   (no shield)
rNeg     + + .     Spirit   .   Q - +1 chain mail "Xomurch Pyxa" {Str+2 Slay+3}
rPois    +         Reflect  .   (helmet restricted)
rElec    .         Harm     .   R - +1 cloak
rCorr    +         Rampage  .   v - +4 pair of gloves of the Devil {rN+ Str+4 Dex-5}
Will     ++...                  x - +1 pair of boots
Stlth    ..........             D - amulet of regeneration
HPRegen  1.36/turn              L - ring of Heityn {rN+ Will+ rCorr Int-2 Dex+3}
MPRegen  0.22/turn              N - ring of poison resistance

@: lightly drained
A: horns 2, retaliatory headbutt
}: 2/15 runes: decaying, serpentine
a: Renounce Religion, Lesser Healing, Heal Other, Purification, Greater Healing,
Divine Protection


You were on level 2 of the Elven Halls.
You worshipped Elyvilon.
Elyvilon was greatly pleased with you.
You visited 7 branches of the dungeon, and saw 34 of its levels.
You also visited: Gauntlet and Ice Cave.

You collected 3522 gold pieces.
You spent 2616 gold pieces at shops.

Inventory:

Hand Weapons
 b - a +5 shortbow of flaming
Missiles
 d - 145 poisoned darts (quivered)
 l - 375 arrows
 p - 12 curare-tipped darts
 O - a throwing net
Armour
 g - the +9 ring mail "Ridejab" {Int+4}
   (You found it on level 6 of the Dungeon)

   Int:       It affects your intelligence (+4).
 v - the +4 pair of gloves of the Devil (worn) {rN+ Str+4 Dex-5}
   (You found it on level 13 of the Dungeon)

   Str:       It affects your strength (+4).
   Dex:       It affects your dexterity (-5).
   rN:        It protects you from negative energy.
 x - a +1 pair of boots (worn)
 Q - the +1 chain mail "Xomurch Pyxa" (worn) {Str+2 Slay+3}
   (You bought it in a shop on level 2 of the Orcish Mines)

   Str:       It affects your strength (+2).
   Slay:      It affects your accuracy & damage with ranged weapons and melee
   (+3).
 R - a +1 cloak (worn)
Jewellery
 f - a ring of protection from fire
 D - an amulet of regeneration (around neck)
 H - a +4 ring of slaying
 L - the ring of Heityn (left hand) {rN+ Will+ rCorr Int-2 Dex+3}
   (You bought it in a shop on level 13 of the Dungeon)

   [ring of willpower]

   Int:       It affects your intelligence (-2).
   Dex:       It affects your dexterity (+3).
   rN:        It protects you from negative energy.
   rCorr:     It protects you from acid and corrosion.
   Will:      It increases your willpower.
 N - a ring of poison resistance (right hand)
Wands
 j - a wand of polymorph (17)
 o - a wand of mindburst (12)
 s - a wand of flame (56)
 A - a wand of acid (10)
 F - a wand of iceblast (20)
 K - a wand of charming (7)
 M - a wand of digging (6)
Scrolls
 a - 9 scrolls of magic mapping
 e - 16 scrolls of identify
 k - 2 scrolls of enchant armour
 m - 5 scrolls of fear
 r - a scroll of summoning
 y - 2 scrolls of enchant weapon
 C - a scroll of blinking
 E - 2 scrolls of silence
 G - 6 scrolls of teleportation
 I - 3 scrolls of holy word
 J - 6 scrolls of amnesia
 P - 4 scrolls of fog
Potions
 c - 19 potions of curing
 h - 4 potions of flight
 i - a potion of resistance
 n - 8 potions of heal wounds
 q - 5 potions of brilliance
 t - 6 potions of haste
 u - 2 potions of ambrosia
 w - 2 potions of magic
 z - a potion of invisibility
 B - 3 potions of might


   Skills:
 - Level 12.0 Fighting
 - Level 17.4 Bows
 - Level 15.1 Armour
 - Level 12.7 Dodging
 - Level 1.5 Stealth
 + Level 20.7 Unarmed Combat
 + Level 17.8 Invocations


You had 18 spell levels left.
You didn't know any spells.
Your spell library contained the following spells:

 Spells                   Type           Power      Damage    Failure   Level
 Beastly Appendage        Tmut           0%         N/A       87%         1
 Magic Dart               Conj           0%         1d3       87%         1
 Passwall                 Tmut/Erth      0%         N/A       95%         2
 Searing Ray              Conj           0%         3d3       95%         2
 Static Discharge         Conj/Air       0%         N/A       95%         2
 Sublimation of Blood     Necr           0%         N/A       95%         2
 Wereblood                Tmut           0%         N/A       95%         2
 Call Canine Familiar     Summ           0%         N/A       99%         3
 Conjure Flame            Conj/Fire      0%         6-21      99%         3
 Dazzling Flash           Conj/Hex       0%         N/A       99%         3
 Gell's Gravitas          Tloc           0%         N/A       99%         3
 Ignite Poison            Fire/Tmut/Pois 0%         N/A       99%         3
 Portal Projectile        Hex/Tloc       0%         N/A       99%         3
 Spider Form              Tmut/Pois      0%         N/A       99%         3
 Swiftness                Air            0%         N/A       99%         3
 Teleport Other           Tloc           0%         N/A       99%         3
 Airstrike                Air            0%         N/A       100%        4
 Animate Armour           Summ/Erth      0%         N/A       100%        4
 Cause Fear               Hex            0%         N/A       100%        4
 Dispel Undead            Necr           0%         3d6       100%        4
 Fulminant Prism          Conj/Hex       0%         3d6       100%        4
 Iskenderun's Mystic Bla  Conj/Tloc      0%         2d3       100%        4
 Leda's Liquefaction      Hex/Erth       0%         N/A       100%        4
 Petrify                  Tmut/Erth      0%         N/A       100%        4
 Sticky Flame             Conj/Fire      0%         2d3       100%        4
 Summon Ice Beast         Ice/Summ       0%         N/A       100%        4
 Summon Lightning Spire   Summ/Air       0%         N/A       100%        4
 Alistair's Intoxication  Tmut/Pois      0%         N/A       100%        5
 Blade Hands              Tmut           0%         N/A       100%        5
 Borgnjor's Vile Clutch   Necr/Erth      0%         N/A       100%        5
 Excruciating Wounds      Necr           0%         N/A       100%        5
 Irradiate                Conj/Tmut      0%         3d13      100%        5
 Lightning Bolt           Conj/Air       0%         1d11      100%        5
 Summon Mana Viper        Hex/Summ       0%         N/A       100%        5
 Dispersal                Tloc           0%         N/A       100%        6
 Eringya's Noxious Bog    Tmut/Pois      0%         N/A       100%        6
 Invisibility             Hex            0%         N/A       100%        6
 Iron Shot                Conj/Erth      0%         9d1       100%        6
 Starburst                Conj/Fire      0%         8x6d3     100%        6
 Dragon Form              Tmut           0%         N/A       100%        7
 Monstrous Menagerie      Summ           0%         N/A       100%        7
 Dragon's Call            Summ           0%         N/A       100%        9


Dungeon Overview and Level Annotations

Branches:
Dungeon (15/15)            Temple (1/1) D:7            Lair (6/6) D:11
  Swamp (4/4) Lair:2        Snake (4/4) Lair:4          Orc (2/2) D:11
    Elf (2/3) Orc:2        Vaults (0/5) D:13         Depths (0/5) D:15
  IceCv (visited)         Gauntlet (visited)
  Slime: Lair:5-6

Altars:
Ashenzari
Cheibriados
Dithmenos
Elyvilon
Fedhas
Gozag
Hepliaklqana
Kikubaaqudgha
Makhleb
Nemelex Xobeh
Okawaru
Qazlal
Ru
Sif Muna
Trog
Uskayaw
Vehumet
Wu Jian
Xom
Yredelemnul
Zin
The Shining One
Beogh

Shops:
D:5 ?   D:13 =   Orc:2 *[=(*   Elf:1 [?:(   Snake:2 **((

Portals:
Abyss: Snake:3

Annotations:
D:15 1 runed translucent door, Opripao's ghost, journeyman MiFi; Roxanne
Lair:6 Rupert
Swamp:1 3 runed translucent doors, Iruic's ghost, adept OgFi
Swamp:2 exclusion: downstairs
Snake:1 3 runed translucent doors, Ugeupsej's ghost, adept MiBe
Snake:3 2 transporters, Phlounder's ghost, adept DjFE
Snake:4 1 runed translucent door, Likado's ghost, adept GnDe
Elf:2 3 runed translucent doors


Innate Abilities, Weirdness & Mutations

You have a pair of horns on your head.
You reflexively headbutt those who attack you in melee.


Message History

Found a phantom mirror.
The +2 vorpal halberd hits you but does no damage.
The +2 halberd of venom hits you from afar!
* * * LOW HITPOINT WARNING * * *
The +2 vorpal halberd misses you.
The +2 halberd of venom barely misses you.
Press: ? - help, Dir - move target, f - deep elf pyromancer, p - deep elf elementalist Heal: a deep elf pyromancer, wielding a +0 dagger (chance to pacify: 74%)
The deep elf pyromancer turns neutral.
The fire elemental disappears in a puff of smoke! x2
The deep elf elementalist is engulfed in blazing flames.
The +2 halberd of venom hits you from afar.
* * * LOW HITPOINT WARNING * * *
The +2 vorpal halberd hits you from afar!!
Elyvilon protects you from harm!
* * * LOW HITPOINT WARNING * * *
Unknown command.
Unknown command.
Press: ? - help, Dir - move target, f - +2 vorpal halberd, p - deep elf pyromancer Heal: a +2 vorpal halberd (moderately damaged, mindless) Unknown command.
Unknown command.
The +2 vorpal halberd completely misses you.
The +2 halberd of venom completely misses you.
There is an open door, spattered with blood here.
You see here a +0 scimitar.
Blink to where?
Press: ? - help, Dir - move target, p - deep elf pyromancer
As you read the scroll of blinking, it crumbles to dust.
The +2 vorpal halberd barely misses you.
The +2 vorpal halberd hits you but does no damage.
The +2 halberd of venom hits you from afar!
* * * LOW HITPOINT WARNING * * *
The +2 vorpal halberd hits you but does no damage.
There is a stone staircase leading up here.
The +2 halberd of venom hits you but does no damage.
The +2 vorpal halberd hits you from afar!
* * * LOW HITPOINT WARNING * * *
x2 The +2 halberd of venom hits you from afar!!
You die...

.....#.......#...).......
.e...#.......#.....>.....
.....#.......#...###+##..
...(.#.......#...# .#
..'.(#.......#...# #
..#..#.......#..)#
..#..#.......#..)#
#+#(.#+#######...######.
..............(.@.......
..............(.........
########################


You could see 2 dancing weapons.

Vanquished Creatures
  Saint Roka (Snake:3)
  Bai Suzhen (Swamp:3)
  7 nagarajas
  A deep elf sorcerer (Elf:1)
  A fenstrider witch (Swamp:3)
  An orc warlord (Orc:2)
  A quicksilver ooze (Gauntlet)
  2 bunyips
  Josephine (D:10)
  The ghost of Puekk the Protected, a journeyman DsMo of Wu Jian (Lair:3)
  3 eleionomae
  A deep elf high priest (Elf:2)
  13 naga warriors
  3 boulder beetles
  3 centaur warriors
  2 ghost crabs
  17 hydras
  13 anacondas
  6 vault guards (D:13)
  2 salamander tyrants (Snake:4)
  A catoblepas (Lair:1)
  The ghost of Haxey the Destroyer, a journeyman GrCj of Sif Muna (Lair:2)
  6 death yaks
  9 two-headed ogres
  The ghost of Aneyh the Carver, a journeyman TeFi of Nemelex Xobeh (D:12)
  6 dancing weapons
  4 alligators
  3 tengu warriors
  11 shock serpents
  4 orc high priests
  17 naga sharpshooters
  7 deep elf knights
  7 salamander mystics
  7 skeletal warriors
  2 sea snakes (Snake:1)
  9 spectral anacondas (Snake:2)
  3 spriggan druids
  9 swamp dragons
  7 anaconda zombies (Snake:2)
  4 deep elf archers
  An obsidian statue (D:14)
  A bog body (Swamp:1)
  3 goliath frogs
  Pikel (D:5)
  An anaconda skeleton (Snake:2)
  5 naga ritualists
  15 deep elf pyromancers
  2 lindwurms (Snake:4)
  5 deep elf zephyrmancers
  A wolf spider (Lair:6)
  7 mana vipers
  A wolf spider (shapeshifter) (Elf:1)
  7 orc sorcerers (Orc:2)
  4 orc knights
  16 salamanders
  3 cyclopes
  8 will-o-the-wisps
  An ugly thing (D:13)
  45 black mambas
  5 manticores
  4 elephants
  4 guardian serpents (Snake:4)
  An ice statue (D:8)
  2 gargoyles
  2 minotaur zombies (Gauntlet)
  16 naga magi
  6 komodo dragons
  8 cane toads
  4 yaktaurs (D:15)
  2 kobold demonologists (D:13)
  A freezing wraith (D:11)
  7 rime drakes
  A tengu conjurer (D:15)
  8 ice devils
  3 anaconda simulacra (Snake:2)
  8 tyrant leeches
  3 trolls
  2 hornets (Swamp:3)
  Grinder (D:2)
  3 polar bears
  17 blink frogs
  2 wind drakes (shapeshifter) (D:15)
  Prince Ribbit (Lair:3)
  2 raiju (shapeshifter)
  5 slime creatures (D:13)
  13 dream sheep
  4 spriggans
  3 shadows (Gauntlet)
  4 air elementals
  6 water elementals
  9 yaks
  A wyvern (Lair:4)
  3 vampires
  4 wraiths
  2 steam dragons
  4 basilisks
  A fire elemental (Elf:2)
  12 vampire mosquitoes
  3 death yak simulacra (IceCv)
  4 wargs
  Edmund (D:5)
  11 swamp worms
  47 nagas
  A harpy simulacrum (IceCv)
  A spectral cane toad (Gauntlet)
  9 water moccasins
  8 swamp drakes
  35 orc warriors
  2 sky beasts
  5 black bears (Lair:3)
  2 necrophages
  6 ogres
  5 wolves
  6 centaurs
  A lemure (D:5)
  6 kobold brigands
  12 bullfrogs
  3 earth elementals
  A wyvern zombie (D:7)
  2 scorpions (D:6)
  A cane toad simulacrum (IceCv)
  2 killer bees (D:10)
  5 wights
  4 electric eels (D:15)
  A howler monkey (D:12)
  6 hounds
  2 centaur zombies
  2 jellies
  2 bullfrog skeletons
  20 orc priests
  Ijyb (D:3)
  2 gnoll shamans
  4 iguanas
  A scorpion zombie (D:5)
  29 orc wizards
  2 spriggan simulacra (IceCv)
  A troll simulacrum (IceCv)
  5 wolf simulacra (IceCv)
  2 howler monkey zombies
  16 gnolls
  7 adders
  3 white imps
  8 ufetubi
  An adder skeleton (D:4)
  2 worms
  4 dart slugs
  76 orcs
  5 endoplasms
  A giant cockroach (D:2)
  11 goblins
  3 hobgoblins
  15 jackals
  7 quokkas
  5 ball pythons
  3 bats
  5 frilled lizards
  25 kobolds
  4 rats
973 creatures vanquished.

Vanquished Creatures (others)
  Nikola (Swamp:1)
  2 vault guards (D:13)
  A hydra (Swamp:4)
  2 anacondas
  An orc high priest (Orc:2)
  A naga sharpshooter (Snake:2)
  A spriggan druid (Swamp:2)
  3 swamp dragons (Swamp:4)
  A deep elf pyromancer (D:12)
  A mana viper (Snake:1)
  An ugly thing (D:12)
  A salamander (Snake:2)
  A guardian serpent (Snake:4)
  2 black mambas
  2 meliai (D:13)
  A bloated husk (Swamp:1)
  A tyrant leech (Lair:2)
  6 yaks
  6 vampire mosquitoes
  2 orc warriors
  A swamp drake (Swamp:4)
  3 centaurs
  A killer bee (D:10)
  A howler monkey (D:12)
  An orc wizard (Orc:2)
  2 orcs (Orc:2)
  A quokka (D:15)
  14 foxfires
  56 fungi
  43 plants
  9 toadstools (Lair:1)
169 creatures vanquished.

Grand Total: 1142 creatures vanquished

Notes
Turn   | Place    | Note
-------+----------+-------------------------------------------
     0 | D:1      | pkoi the Minotaur Monk began the quest for the Orb.
     0 | D:1      | Reached XP level 1. HP: 19/19 MP: 0/0
   175 | D:1      | Reached XP level 2. HP: 25/26 MP: 1/1
   185 | D:1      | You fall into a shaft and drop 1 floor!
   190 | D:2      | Reached skill level 4 in Unarmed Combat
   770 | D:1      | Reached XP level 3. HP: 28/31 MP: 2/2
  1636 | D:2      | Reached skill level 5 in Unarmed Combat
  1725 | D:2      | Reached skill level 1 in Armour
  1761 | D:2      | Reached XP level 4. HP: 32/39 MP: 3/3
  2397 | D:3      | Found a white marble altar of Elyvilon.
  2416 | D:3      | Noticed Grinder
  2429 | D:3      | Became a worshipper of Elyvilon the Healer
  2429 | D:3      | Reached * piety under Elyvilon
  2429 | D:3      | Reached ** piety under Elyvilon
  2485 | D:3      | Reached skill level 1 in Invocations
  2489 | D:3      | Elyvilon protects you from harm!
  2762 | D:2      | Reached XP level 5. HP: 24/43 MP: 3/5
  2911 | D:3      | Noticed Ijyb
  2918 | D:3      | Paralysed by Ijyb for 4 turns
  2935 | D:3      | Paralysed by Ijyb for 5 turns
  2949 | D:3      | Killed Ijyb
  2950 | D:3      | Reached skill level 6 in Unarmed Combat
  3100 | D:3      | Found a glowing golden altar of the Shining One.
  3118 | D:3      | Found a bloodstained altar of Trog.
  3164 | D:2      | Reached XP level 6. HP: 38/51 MP: 6/6
  3271 | D:3      | Found a blossoming altar of Fedhas.
  3551 | D:3      | Found an ornate altar of the Wu Jian Council.
  3926 | D:4      | Reached skill level 7 in Unarmed Combat
  4183 | D:4      | Found a hide-covered altar of Uskayaw.
  4397 | D:4      | Reached XP level 7. HP: 57/57 MP: 8/8
  4558 | D:5      | Entered Level 5 of the Dungeon
  4572 | D:5      | Found an ancient bone altar of Kikubaaqudgha.
  4586 | D:5      | Reached skill level 8 in Unarmed Combat
  5017 | D:5      | Reached *** piety under Elyvilon
  5147 | D:5      | Found Cuweh's Magic Scroll Shop.
  5207 | D:5      | Noticed Pikel
  5234 | D:5      | Killed Pikel
  5235 | D:5      | Reached skill level 9 in Unarmed Combat
  5235 | D:5      | Reached skill level 5 in Invocations
  5235 | D:5      | Reached XP level 8. HP: 38/64 MP: 10/10
  5509 | D:5      | Reached skill level 10 in Unarmed Combat
  5975 | D:5      | Noticed Edmund
  5986 | D:5      | Killed Edmund
  6092 | D:5      | Noticed Sigmund
  6098 | D:5      | Pacified Sigmund
  6316 | D:6      | Found a shadowy altar of Dithmenos.
  6450 | D:6      | Reached skill level 11 in Unarmed Combat
  6450 | D:6      | Reached XP level 9. HP: 62/70 MP: 12/12
  6793 | D:6      | Found a glowing silver altar of Zin.
  7165 | D:6      | Found a snail-covered altar of Cheibriados.
  7168 | D:6      | Identified the +9 ring mail "Ridejab" {Int+4}
  7443 | D:5      | Reached **** piety under Elyvilon
  7553 | D:7      | Reached skill level 12 in Unarmed Combat
  7937 | D:7      | Found a staircase to the Ecumenical Temple.
  7957 | Temple   | Entered the Ecumenical Temple
  8537 | D:7      | Reached skill level 1 in Bows
  8749 | D:8      | Noticed an ice devil
  8750 | D:8      | Noticed an ice devil
  8750 | D:8      | Noticed an ice devil
  8751 | D:8      | Noticed an ice devil
  8751 | D:8      | Noticed an ice statue
  8751 | D:8      | Noticed an ice devil
  8937 | D:8      | Noticed an ice devil
  9525 | D:8      | Reached ***** piety under Elyvilon
  9712 | D:9      | Reached XP level 10. HP: 70/80 MP: 14/14
  9876 | D:9      | Found an opulent altar of Gozag.
 10003 | D:9      | Noticed a two-headed ogre
 10034 | D:9      | Killed a two-headed ogre
 10512 | D:9      | Reached skill level 5 in Fighting
 10749 | D:9      | Found a burning altar of Makhleb.
 11038 | D:10     | Entered Level 10 of the Dungeon
 11346 | D:10     | Reached skill level 13 in Unarmed Combat
 11444 | D:10     | Noticed Josephine
 11447 | D:10     | Noticed a two-headed ogre
 11455 | D:10     | Killed Josephine
 11921 | D:10     | Pacified a two-headed ogre
 12475 | D:11     | Found a staircase to the Lair.
 12479 | D:11     | You fall into a shaft and drop 2 floors!
 12479 | D:13     | Noticed a brown ugly thing
 12480 | D:13     | Pacified a brown ugly thing
 12481 | D:13     | Reached skill level 5 in Bows
 12481 | D:13     | Reached XP level 11. HP: 86/86 MP: 13/16
 12580 | D:13     | Noticed a deep elf pyromancer
 12581 | D:13     | Noticed a deep elf pyromancer
 12586 | D:13     | Pacified a deep elf pyromancer
 12590 | D:13     | Pacified a deep elf pyromancer
 12630 | D:13     | Identified the +4 pair of gloves of the Devil {rN+ Str+4
                  | Dex-5}
 12684 | D:13     | Reached skill level 14 in Unarmed Combat
 12987 | D:13     | Found a gate to the Vaults.
 12987 | D:13     | Noticed a vault guard
 12987 | D:13     | Noticed a vault guard
 12987 | D:13     | Noticed a vault guard
 12987 | D:13     | Noticed a vault guard
 12987 | D:13     | Noticed a vault guard
 12987 | D:13     | Noticed a vault guard
 12989 | D:13     | Pacified a vault guard
 12989 | D:13     | Noticed a vault guard
 12996 | D:13     | Killed a vault guard
 12999 | D:13     | Killed a vault guard
 13046 | D:12     | Noticed a white ugly thing
 13047 | D:12     | Noticed a five-headed hydra
 13055 | D:12     | Pacified a five-headed hydra
 13056 | D:12     | Killed a white ugly thing
 13077 | D:12     | Killed a deep elf pyromancer
 13212 | D:12     | Found a hazy altar of Hepliaklqana.
 13319 | D:11     | Found a staircase to the Orcish Mines.
 14515 | Lair:1   | Entered Level 1 of the Lair of Beasts
 14539 | Lair:1   | Reached skill level 5 in Armour
 15241 | Lair:1   | Noticed a catoblepas
 15241 | Lair:1   | Noticed a catoblepas
 15265 | Lair:1   | Found a runed translucent door.
 15684 | Lair:2   | Noticed a seven-headed hydra
 15685 | Lair:2   | Pacified a seven-headed hydra
 15718 | Lair:2   | Found a frozen archway.
 15726 | IceCv    | Entered an ice cave
 16370 | IceCv    | Reached skill level 15 in Unarmed Combat
 16565 | Lair:2   | Noticed Haxey's ghost (journeyman GrCj)
 16566 | Lair:2   | Found a runed translucent door.
 16714 | Lair:2   | Reached XP level 12. HP: 58/94 MP: 18/18
 16933 | Lair:2   | Noticed a five-headed hydra
 16935 | Lair:2   | Pacified a five-headed hydra
 17067 | Lair:2   | Found a staircase to the Swamp.
 17256 | Lair:2   | Noticed Harold
 17261 | Lair:2   | Pacified Harold
 17610 | Lair:3   | Found a gate leading to a gauntlet.
 17629 | Gauntlet | Entered a Gauntlet
 17629 | Gauntlet | Found a transporter.
 17629 | Gauntlet | Found a transporter.
 17643 | Gauntlet | Noticed a death scarab
 17705 | Gauntlet | Found a transporter.
 17709 | Gauntlet | Found a transporter.
 17717 | Gauntlet | Found a transporter.
 17721 | Gauntlet | Found a transporter.
 17724 | Gauntlet | Noticed an entropy weaver
 17732 | Gauntlet | Found a transporter.
 17746 | Gauntlet | Found a transporter.
 17748 | Gauntlet | Noticed a quicksilver ooze
 17761 | Gauntlet | Found a transporter.
 17764 | Gauntlet | Found a transporter.
 17775 | Gauntlet | Found a transporter.
 17776 | Gauntlet | Found a transporter.
 17854 | Gauntlet | Pacified a death scarab
 17855 | Gauntlet | Reached skill level 10 in Invocations
 17942 | Gauntlet | Killed a quicksilver ooze
 17951 | Gauntlet | Identified the ring "Mapp" {rCorr MP+9 Int+4 Dex-5}
 18007 | Gauntlet | Noticed a minotaur
 18008 | Gauntlet | Pacified a minotaur
 18011 | Gauntlet | Identified the +0 robe of Morality {rElec rN+ SInv}
 18559 | Lair:3   | Noticed Prince Ribbit
 18845 | Lair:3   | Killed Prince Ribbit
 19016 | Lair:3   | Reached skill level 16 in Unarmed Combat
 19082 | Lair:3   | Noticed a catoblepas
 19083 | Lair:3   | Pacified a catoblepas
 19660 | Lair:3   | Reached skill level 5 in Dodging
 19688 | Lair:4   | Noticed a death yak
 19688 | Lair:4   | Noticed Puekk's ghost (journeyman DsMo)
 19693 | Lair:4   | Found a runed translucent gate.
 19693 | Lair:4   | Found a runed translucent gate.
 19693 | Lair:4   | Found a runed translucent gate.
 19704 | Lair:4   | Noticed a death yak
 19706 | Lair:4   | Pacified a death yak
 19708 | Lair:4   | Noticed a death yak
 19708 | Lair:4   | Noticed a death yak
 19716 | Lair:3   | Pacified a death yak
 19745 | Lair:3   | Pacified a death yak
 19883 | Lair:4   | Noticed a four-headed hydra
 19892 | Lair:4   | Killed a four-headed hydra
 19977 | Lair:4   | Reached XP level 13. HP: 97/101 MP: 20/20
 20015 | Lair:4   | Found a staircase to the Snake Pit.
 21632 | Lair:6   | Entered Level 6 of the Lair of Beasts
 22294 | Lair:6   | Reached skill level 17 in Unarmed Combat
 22430 | Lair:6   | Upgraded the game from 0.27-a0-1532-gca18f49f40 to
                  | 0.27-a0-1548-gf8a67e7463
 22810 | Lair:6   | Reached XP level 14. HP: 76/113 MP: 21/21
 22813 | Lair:6   | Noticed Rupert
 23091 | D:12     | Noticed Nessos
 23092 | D:12     | Pacified Nessos
 23093 | D:12     | Reached skill level 10 in Bows
 23299 | D:12     | Found a runed translucent door.
 23300 | D:12     | Noticed Aneyh's ghost (journeyman TeFi)
 23744 | D:2      | Killed Grinder
 24006 | D:8      | Reached skill level 10 in Armour
 24340 | D:12     | Killed Aneyh's ghost
 24491 | D:13     | Found Mengimop's Jewellery Boutique.
 24499 | D:13     | Bought a +4 ring of slaying for 858 gold pieces
 24499 | D:13     | Bought the ring of Heityn {rN+ Will+ rCorr Int-2 Dex+3} for
                  | 482 gold pieces
 26123 | D:14     | Identified the ring of Suxzehud {rC+ rCorr MP+9 Slay-6}
 26133 | D:15     | Entered Level 15 of the Dungeon
 26178 | D:15     | Reached ****** piety under Elyvilon
 26230 | D:15     | Identified the +2 leather armour of the Locust {-Cast rN++}
 26649 | D:15     | Found a staircase to the Depths.
 26649 | D:15     | Noticed a fire giant
 26763 | D:15     | Reached XP level 15. HP: 119/119 MP: 23/23
 26883 | D:15     | Pacified a fire giant
 26884 | D:15     | Reached skill level 18 in Unarmed Combat
 27225 | D:15     | Found a runed translucent door.
 27225 | D:15     | Found a shimmering altar of Xom.
 27225 | D:15     | Noticed Opripao's ghost (journeyman MiFi)
 27334 | D:15     | Identified Roxanne's Papyrus of Transmigration
 27334 | D:15     | Noticed Roxanne
 27418 | D:15     | Found a white marble altar of Elyvilon.
 27700 | Swamp:1  | Entered Level 1 of the Swamp
 27736 | Swamp:1  | Found a runed translucent gate.
 27736 | Swamp:1  | Found a runed translucent gate.
 27736 | Swamp:1  | Found a runed translucent gate.
 27743 | Swamp:1  | Noticed Iruic's ghost (adept OgFi)
 27812 | Swamp:1  | Noticed Jorgrun
 27816 | Swamp:1  | Pacified Jorgrun
 27841 | Swamp:1  | Noticed Nikola
 27862 | Swamp:1  | Killed Nikola
 28213 | Swamp:1  | Noticed a fenstrider witch
 28218 | Swamp:1  | Pacified a fenstrider witch
 28539 | Lair:2   | Killed Haxey's ghost
 29287 | Swamp:3  | Noticed Donald
 29291 | Swamp:3  | Pacified Donald
 30088 | Swamp:3  | Noticed Bai Suzhen
 30239 | Snake:1  | Entered Level 1 of the Snake Pit
 30339 | Snake:1  | Reached skill level 10 in Dodging
 30346 | Snake:1  | Reached XP level 16. HP: 125/128 MP: 25/25
 30407 | Snake:1  | Noticed Ugeupsej's ghost (adept MiBe)
 30418 | Snake:1  | Found a runed translucent gate.
 30418 | Snake:1  | Found a runed translucent gate.
 30418 | Snake:1  | Found a runed translucent gate.
 32442 | Snake:2  | Found Piabommigou's Antique Weapon Shoppe.
 32442 | Snake:2  | Found Lubiheq's General Store.
 32443 | Snake:2  | Found Foicresai's Weapon Shoppe.
 32465 | Snake:2  | Found Pisonuro's Assorted Antiques.
 32468 | Snake:2  | Bought a slimy shortbow for 200 gold pieces
 32468 | Snake:2  | Identified the +0 shortbow "Vagiexze" {flame, rN+ rCorr}
                  | (You bought it in a shop on level 2 of the Snake Pit)
 32981 | Snake:2  | Reached skill level 15 in Bows
 33122 | Snake:2  | Reached skill level 15 in Invocations
 33701 | Snake:2  | Reached skill level 19 in Unarmed Combat
 34204 | Orc:1    | Entered Level 1 of the Orcish Mines
 34586 | Orc:2    | Entered Level 2 of the Orcish Mines
 34613 | Orc:2    | Found a staircase to the Elven Halls.
 34635 | Orc:2    | Found Locicin's General Store.
 34643 | Orc:2    | Bought the +1 chain mail "Xomurch Pyxa" {Str+2 Slay+3} for
                  | 499 gold pieces
 35475 | Orc:2    | Reached skill level 10 in Fighting
 35475 | Orc:2    | Reached XP level 17. HP: 137/140 MP: 27/27
 35833 | Orc:2    | Found Giamosit's Antique Armour Shoppe.
 35834 | Orc:2    | Found Olli's Antique Weapon Emporium.
 35835 | Orc:2    | Found Dasate's General Store.
 35835 | Orc:2    | Found Xynum's Jewellery Shoppe.
 35851 | Orc:2    | Bought a glowing scarf for 208 gold pieces
 36167 | Snake:2  | Bought a runed cloak for 255 gold pieces
 37041 | Snake:3  | Noticed Phlounder's ghost (adept DjFE)
 37061 | Snake:3  | Found a one-way gate to the infinite horrors of the Abyss.
 37073 | Snake:3  | Found a transporter.
 37073 | Snake:3  | Noticed a tentacled monstrosity
 37083 | Snake:3  | Found a transporter.
 37425 | Snake:3  | Noticed Saint Roka
 37460 | Snake:3  | Noticed Agnes
 37461 | Snake:3  | Pacified Agnes
 37797 | Snake:3  | Killed Saint Roka
 38147 | Snake:4  | Entered Level 4 of the Snake Pit
 38147 | Snake:4  | Noticed Likado's ghost (adept GnDe)
 38147 | Snake:4  | Found a runed translucent door.
 38902 | Snake:4  | Identified the +7 longbow of the Howling Saviour {flame,
                  | Drain rPois Will+}
 40243 | Snake:4  | Reached XP level 18. HP: 148/151 MP: 29/29
 40999 | Snake:4  | Got a serpentine rune of Zot
 41383 | Swamp:3  | Killed Bai Suzhen
 41384 | Swamp:3  | Reached skill level 15 in Armour
 41486 | Swamp:3  | Paralysed by a fenstrider witch for 3 turns
 41641 | Swamp:4  | Entered Level 4 of the Swamp
 42371 | Swamp:4  | Reached skill level 20 in Unarmed Combat
 42500 | Swamp:4  | Noticed the 27-headed Lernaean hydra
 42504 | Swamp:4  | Pacified the 27-headed Lernaean hydra
 42772 | Swamp:4  | Got a decaying rune of Zot
 42809 | Swamp:4  | Upgraded the game from 0.27-a0-1548-gf8a67e7463 to
                  | 0.27-a0-1557-g57f10a385c
 43227 | Lair:3   | Killed Puekk's ghost
 43443 | Elf:1    | Entered Level 1 of the Elven Halls
 43551 | Elf:1    | Paralysed by an air elemental for 1 turns
 43622 | Elf:1    | Paralysed by an air elemental for 1 turns
 44219 | Elf:1    | Found Beicif's Weapon Shoppe.
 44232 | Elf:1    | Found Plog's Book Shoppe.
 44232 | Elf:1    | Found Ohosieni's Magic Scroll Shoppe.
 44235 | Elf:1    | Found Jeru's Armour Shoppe.
 44253 | Elf:1    | Bought a scroll of summoning for 114 gold pieces
 44693 | Elf:2    | Paralysed by an air elemental for 1 turns
 44696 | Elf:2    | Paralysed by an air elemental for 1 turns
 44776 | Elf:2    | Paralysed by an air elemental for 1 turns
 45040 | Elf:2    | Found a runed translucent gate.
 45040 | Elf:2    | Found a runed translucent gate.
 45040 | Elf:2    | Found a runed translucent gate.
 45056 | Elf:2    | Reached XP level 19. HP: 152/160 MP: 30/30
 45220 | Elf:2    | Paralysed by an air elemental for 1 turns
 45267 | Elf:2    | Elyvilon protects you from harm!
 45267 | Elf:2    | HP: 7/156 [+2 vorpal halberd (4)]
 45284 | Elf:2    | Mangled by a +2 halberd of venom

Illustrated notes

Levels and vault maps discovered:
D:1:      kilobyte_arrival_exit_the_forest, layout_loops_corners
D:2:      layout_loops_ring, wad_orctagon
D:3:      layout_basic, mainiacjoe_overflow_boulevard, old_standard_altar,
          mainiacjoe_overflow_surrounded_room,
          mainiacjoe_overflow_cross_hatched, lemuel_tele_altar, uniq_ijyb,
          uniq_grinder
D:4:      layout_loops_ring, mainiacjoe_overflow_alcove_1, serial_bayou_lagoon_a
D:5:      kb_forest_paths, layout_loops_cross, mainiacjoe_overflow_catwalk,
          serial_shops, nicolae_shop_statue_plus, sigmund_edmund_badplayer,
          uniq_pikel
D:6:      layout_gridville, mainiacjoe_overflow_paths, kennysheep_mini,
          lemuel_doored_altar, minmay_misc_feat_rows
D:7:      layout_loops_ring, minmay_temple_entry_large_hall,
          kennysheep_generic_room_16
D:8:      cheibrodos_frozen_isle, layout_loops_ring
D:9:      layout_irregular_city, mainiacjoe_overflow_alcove_2,
          mainiacjoe_overflow_alcove_4
D:10:     layout_roguey, uniq_josephine
D:11:     layout_gridville, dpeg_oklobed_lair, david_orc_3
D:12:     layout_basic, ebering_ghost_reflecting_pool,
          worldfamousw_hep_ancestral_shrine, uniq_nessos
D:13:     layout_roguey, erik_vaults_2, serial_shops, shop, minivault_16,
          kennysheep_generic_room_9
D:14:     layout_small_grid, columned_hall_lemuel, hangedman_decor_lopped,
          minmay_protected_statue
D:15:     grunt_enter_depths_giant_problem, layout_basic, ebering_ghost_xom,
          elyvilon_altar_4, uniq_roxanne
Temple:   jpeg_temple_alley_garden
Lair:1:   gammafunk_lair_enchanted_lake, layout_regular_city,
          eino_small_chamber_without_monster, guppyfry_lair_drakes
Lair:2:   layout_roguey, minmay_swamp_entry_worms,
          portal_ice_cave_entry_pillars_2, hellmonk_ghost_happy_afterlife,
          patterned_corridor, uniq_harold
Lair:3:   layout_chaotic_city, gauntlet_entry_generic, beast_lair_carwin_2,
          uniq_prince_ribbit2
Lair:4:   layout_hall_layers, minmay_snake_entry_guardpost_small,
          gammafunk_ghost_split
Lair:5:   layout_roguey
Lair:6:   evilmike_catoblepas_cave, layout_loops_ring, dpeg_slime_entry_corner,
          hellmonk_guarded_unrand_seven_league_boots, uniq_rupert
Swamp:1:  layout_basic_swamp, ebering_ghost_rock_garden, serial_swamp_ruin,
          evilmike_swamp_ruin_rubble_2, evilmike_swamp_ruin_house_2,
          uniq_nikola, uniq_jorgrun
Swamp:2:  layout_basic_swamp, evilmike_swamp_ruin_rubble_1,
          infiniplex_staircase_pool_2
Swamp:3:  layout_basic_swamp, evilmike_swamp_ruin_house_5, swamp_pool2,
          uniq_bai_suzhen, uniq_donald
Swamp:4:  swamp_old_school, layout_basic_swamp, infiniplex_staircase_pool
Snake:1:  layout_basic, gammafunk_ghost_split, minmay_snake_pond
Snake:2:  layout_cave_pods, nicolae_snake_dead_anacondas, minmay_shoptagon
Snake:3:  layout_rooms, gammafunk_ghost_abyssal_escape, uniq_saint_roka,
          uniq_agnes
Snake:4:  snake_pit_salamanders_mu, layout_gridlike, ebering_ghost_inner_flame,
          nicolae_snake_omega
Orc:1:    layout_diamond_mine
Orc:2:    st_orc_congregation, layout_caves, serial_shops, shop_statue,
          basic_altar
Elf:1:    minmay_elf_arrival_circle, layout_loops_corners,
          minmay_elf_annihilation, statue_in_the_mist_lemuel,
          minmay_shop_grid_forest, nicolae_elf_m_pinch
Elf:2:    layout_onion_city, serial_shops, shop, corexii_leaking_fountain

Skill      XL: |  1  2  3  4  5  6  7  8  9 10 11 12 13 14 15 16 17 18 |
---------------+-------------------------------------------------------+-----
Unarmed Combat | 4 5 6 7 9 11 12 13 15 16 17 18 19 20 | 20.7
Armour         | 1 2 3 6 8 9 11 12 13 14 15 | 15.1
Invocations    | 1 2 3 5 6 7 8 9 10 11 12 14 15 16 17 | 17.8
Bows           | 1 5 7 8 9 12 14 15 17 | 17.4
Fighting       | 4 5 7 8 10 11 12 | 12.0
Dodging        | 4 5 7 8 10 11 12 | 12.7
Stealth        | |  1.5

Action                   |  1- 3 |  4- 6 |  7- 9 | 10-12 | 13-15 | 16-18 | 19-21 || total
-------------------------+-------+-------+-------+-------+-------+-------+-------++-------
Melee: Unarmed           |    84 |   131 |   342 |   515 |   681 |   816 |    14 ||  2583
       Headbutt          |     8 |    28 |    74 |    81 |   149 |   166 |     2 ||   508
       Punch             |     1 |     5 |    21 |    30 |    54 |    92 |     2 ||   205
 Fire: Shortbow          |       |       |       |    81 |   465 |  1327 |    29 ||  1902
Invok: Heal Other        |       |       |     3 |    54 |    49 |    35 |     3 ||   144
Evoke: Wand              |       |       |       |       |     2 |       |       ||     2
  Use: Scroll            |       |     4 |     6 |    15 |     5 |     3 |     1 ||    34
       Potion            |       |       |       |     1 |     2 |     3 |       ||     6
 Stab: Sleeping          |     2 |     2 |     2 |       |       |       |       ||     6
Armor: Robe              |     4 |       |       |       |       |       |       ||     4
       Leather armour    |    21 |    43 |    52 |       |       |       |       ||   116
       Ring mail         |       |       |    54 |   229 |   360 |   214 |       ||   857
       Chain mail        |       |       |       |       |       |   324 |    23 ||   347
Dodge: Dodged            |    51 |    82 |   123 |   233 |   291 |   573 |    20 ||  1373
Block: Other             |       |    10 |    70 |   109 |    11 |       |       ||   200
       Reflection        |       |       |     1 |     6 |       |       |       ||     7

Table legend: (Time is in decaauts)
 A = Elapsed time spent in this place.
 B = Non-inter-level travel time spent in this place.
 C = Inter-level travel time spent in this place.
 D = Time resting spent in this place.
 E = Time spent auto-exploring this place.
 F = Levels seen in this place.
 G = Mean time per level.
                   A        B        C        D        E       F      G
               +--------+--------+--------+--------+--------+-----+--------+
         Total |  44340 |  40240 |   4100 |   8291 |  22980 |  36 | 1231.7 |
       Dungeon |  18710 |  17326 |   1384 |   3928 |  10403 |  15 | 1247.3 |
        Temple |    232 |    179 |     53 |      0 |    179 |   1 |  232.0 |
          Lair |   8146 |   6813 |   1333 |   1135 |   4147 |   6 | 1357.7 |
         Swamp |   4052 |   3739 |    313 |    559 |   2067 |   4 | 1013.0 |
     Snake Pit |   7894 |   7337 |    557 |   1511 |   3741 |   4 | 1973.5 |
  Orcish Mines |   1986 |   1562 |    424 |      0 |   1001 |   2 |  993.0 |
   Elven Halls |   1692 |   1659 |     33 |    237 |   1061 |   2 |  846.0 |
      Ice Cave |    768 |    768 |      0 |    509 |     83 |   1 |  768.0 |
      Gauntlet |    856 |    856 |      0 |    411 |    297 |   1 |  856.0 |
               +--------+--------+--------+--------+--------+-----+--------+

Top non-repeatable levels by time:
 Snake:4: 2675 daAuts
 Snake:1: 2207 daAuts
 Snake:2: 2022 daAuts
     D:2: 1952 daAuts
  Lair:1: 1798 daAuts
  Lair:5: 1728 daAuts
     D:9: 1672 daAuts
    D:11: 1640 daAuts
     D:5: 1637 daAuts
  Lair:2: 1524 daAuts
    D:13: 1380 daAuts
  Lair:3: 1370 daAuts
   Orc:2: 1370 daAuts
    D:15: 1358 daAuts
     D:8: 1296 daAuts
